Map: Dusk Towers

Players

Welmu

  • Race: Protoss Protoss
  • League: Grandmaster

viOLet - Winner!

  • Race: Zerg Zerg

Event: DreamHack ZOWIE Open Leipzig

VOD

Have the link to the VOD?

Description

Time

  • Played on: Jan. 22, 2016, 11:19 a.m.
  • Length: 12:51

All games in this series

Show
View Real Time Build Order
Export as new Build Order

Welmu Protoss 

Build Orders: Nexus First 

Get SALT Encoding   

  12  0:01  Probe (Chrono Boost)  
  13  0:11  Probe (Chrono Boost)  
  14  0:17  Pylon  
  14  0:22  Probe (Chrono Boost)  
  15  0:36  Probe (Chrono Boost)  
  16  0:46  Probe (Chrono Boost)  
  17  0:59  Nexus  
  17  1:05  Probe (Chrono Boost)  
  18  1:15  Probe (Chrono Boost)  
  19  1:34  Nexus  
  19  1:43  Gateway  
  19  1:45  Probe (Chrono Boost)  
  20  1:49  Assimilator  
  20  1:55  Probe (Chrono Boost)  
  20  1:58  Assimilator  
  21  2:06  Probe (Chrono Boost)  
  22  2:11  Gateway  
  22  2:14  Probe (Chrono Boost)  
  23  2:18  Probe (Chrono Boost)  
  24  2:25  Probe (Chrono Boost)  
  24  2:29  Probe (Chrono Boost)  
  26  2:33  Cybernetics Core  
  26  2:36  Probe (Chrono Boost)  
  27  2:39  Probe (Chrono Boost)  
  28  2:46  Probe (Chrono Boost)  
  28  2:47  Probe (Chrono Boost)  
  28  2:50  Probe (Chrono Boost)  
  31  2:57  Probe x2 (Chrono Boost)  
  33  3:01  Probe (Chrono Boost)  
  34  3:06  Probe (Chrono Boost)  
  34  3:07  Probe (Chrono Boost)  
  34  3:09  Adept (Chrono Boost)  
  34  3:10  Warp Gate  
  34  3:11  Probe (Chrono Boost)  
  39  3:14  Adept (Chrono Boost)  
  39  3:18  Probe x2 (Chrono Boost)  
  43  3:23  Probe (Chrono Boost)  
  44  3:28  Pylon  
  44  3:29  Mothership Core (Chrono Boost), Probe (Chrono Boost)  
  44  3:33  Probe (Chrono Boost)  
  48  3:35  Sentry  
  48  3:39  Probe (Chrono Boost)  
  48  3:41  Assimilator  
  51  3:42  Sentry  
  51  3:44  Assimilator  
  51  3:47  Probe x2 (Chrono Boost), Pylon  
  55  3:50  Probe (Chrono Boost)  
  56  3:57  Probe x2 (Chrono Boost), Forge  
  56  3:58  Pylon  
  56  4:00  Probe (Chrono Boost)  
  59  4:08  Probe x2 (Chrono Boost)  
  61  4:11  Probe (Chrono Boost)  
  62  4:18  Probe x2 (Chrono Boost)  
  62  4:22  Probe (Chrono Boost), Robotics Facility  
  65  4:29  Probe x2 (Chrono Boost), Robotics Facility  
  67  4:32  Probe (Chrono Boost)  
  67  4:35  Robotics Facility  
  68  4:39  Probe x2 (Chrono Boost), Pylon  
  68  4:42  Probe (Chrono Boost), Protoss Ground Weapons Level 1 (Chrono Boost)  
  71  4:46  Pylon  
  71  4:49  Probe (Chrono Boost)  
  71  4:50  Probe (Chrono Boost), Assimilator  
  71  4:51  Probe  
  73  4:54  Assimilator  
  73  4:59  Probe  
  74  5:01  Probe  
  74  5:02  Probe, Pylon  
  74  5:05  Twilight Council  
  74  5:06  Gateway  
  77  5:07  Gateway  
  77  5:11  Observer (Chrono Boost)  
  77  5:12  Probe  
  79  5:16  Gateway  
  79  5:19  Gateway  
  83  5:24  Immortal (Chrono Boost)  
  83  5:27  Immortal (Chrono Boost), Pylon  
  87  5:31  Pylon  
  87  5:36  Sentry, Stalker  
  87  5:38  Pylon  
  87  5:39  Pylon  
  91  5:43  Pylon  
  91  5:56  Immortal (Chrono Boost)  
  94  6:00  Pylon  
  94  6:01  Stalker x3, Immortal (Chrono Boost)  
  94  6:02  Pylon  
  102  6:08  Sentry  
  102  6:11  Immortal (Chrono Boost)  
  97  6:17  Mothership Core (Chrono Boost)  
  96  6:21  Adept  
  88  6:27  Adept  
  88  6:29  Probe (Chrono Boost)  
  86  6:33  Sentry, Probe (Chrono Boost)  
  89  6:42  Sentry  
  89  6:43  Probe (Chrono Boost)  
  89  6:47  Sentry  
  87  6:59  Immortal  
  91  7:01  Immortal  
  95  7:09  Nexus  
  95  7:21  Warp Prism  
  95  7:22  Stalker x3  
  103  7:33  Probe x2 (Chrono Boost)  
  103  7:35  Protoss Ground Weapons Level 2  
  107  7:45  Probe x2 (Chrono Boost)  
  105  7:56  Pylon x2  
  105  7:57  Probe x2 (Chrono Boost)  
  107  7:59  Dark Shrine  
  107  8:09  Probe x2 (Chrono Boost)  
  107  8:10  Sentry x2  
  113  8:13  Sentry  
  113  8:19  Mothership Core (Chrono Boost)  
  118  8:21  Probe (Chrono Boost)  
  118  8:24  Assimilator  
  118  8:26  Nexus  
  118  8:28  Sentry  
  118  8:29  Pylon  
  118  8:31  Pylon  
  120  8:36  Pylon  
  120  8:37  Pylon  
  120  8:38  Pylon  
  120  8:42  Immortal  
  124  8:51  Probe (Chrono Boost)  
  122  8:57  Probe (Chrono Boost)  
  122  8:58  Probe (Chrono Boost)  
  122  9:02  Probe (Chrono Boost)  
  118  9:05  Immortal  
  118  9:08  Probe (Chrono Boost)  
  118  9:09  Probe (Chrono Boost)  
  124  9:12  Dark Templar  
  124  9:13  Probe (Chrono Boost), Dark Templar  
  124  9:14  Dark Templar  
  131  9:19  Probe (Chrono Boost)  
  131  9:21  Probe (Chrono Boost)  
  131  9:23  Probe (Chrono Boost)  
  130  9:39  Dark Templar x2  
  130  9:41  Zealot  
  135  9:48  Dark Templar  
  117  10:12  Dark Templar  
  117  10:13  Zealot x3  
  94  10:16  Probe x2 (Chrono Boost)  
  94  10:19  Immortal  
  89  10:26  Probe (Chrono Boost)  
  89  10:27  Probe (Chrono Boost)  
  91  10:33  Nexus  
  91  10:37  Probe (Chrono Boost)  
  92  10:42  Pylon  
  92  10:45  Pylon  
  92  10:51  Nexus  
  92  10:55  Pylon  
  92  11:01  Immortal x2  
  92  11:02  Pylon  
  92  11:03  Immortal  
  104  11:06  Pylon  
  104  11:17  Sentry x2  
  104  11:18  Dark Templar  
  110  11:27  Dark Templar  
  110  11:38  Probe (Chrono Boost)  
  111  11:42  Probe (Chrono Boost)  
  116  11:51  Probe (Chrono Boost)  
  114  11:56  Probe (Chrono Boost)  
  114  12:00  Dark Templar x2  
  114  12:06  Probe x2 (Chrono Boost)  
  94  12:19  Dark Templar  
  94  12:20  Stalker x2  
  77  12:35  Stalker  
  77  12:36  Zealot  
Show
View Real Time Build Order
Export as new Build Order

viOLet Zerg - Winner!

Build Orders: Hatch First, Lurkers, Roach Nydus 

Get SALT Encoding   

  12  0:00  Drone  
  13  0:12  Overlord  
  13  0:17  Drone  
  14  0:30  Drone x2  
  14  0:35  Drone  
  17  0:51  Hatchery  
  17  0:54  Drone  
  17  0:57  Drone  
  18  1:12  Spawning Pool  
  18  1:14  Drone  
  18  1:35  Hatchery  
  18  1:37  Drone  
  18  1:42  Overlord  
  18  1:52  Drone x2  
  20  1:59  Queen  
  22  2:05  Drone  
  23  2:09  Queen  
  23  2:13  Drone  
  26  2:15  Drone  
  26  2:19  Drone  
  28  2:23  Drone  
  28  2:26  Drone  
  30  2:35  Drone, Queen  
  33  2:39  Overlord  
  33  2:43  Drone  
  34  2:51  Drone x2  
  36  2:59  Drone x3  
  36  3:04  Extractor  
  38  3:06  Extractor  
  38  3:07  Drone x3  
  38  3:09  Drone x2  
  42  3:14  Drone  
  42  3:17  Drone x2, Overlord  
  42  3:18  Drone  
  46  3:22  Drone x2  
  48  3:30  Overlord  
  48  3:31  Drone x2  
  50  3:41  Drone x2, Overlord  
  52  3:44  Drone x2  
  52  3:45  Drone  
  52  3:47  Overlord, Zergling x2  
  52  3:48  Zergling x2  
  57  3:50  Lair  
  57  3:54  Zergling x8, Extractor  
  60  4:00  Drone x2  
  62  4:03  Roach Warren  
  62  4:05  Overlord  
  62  4:06  Drone  
  62  4:12  Metabolic Boost  
  62  4:15  Drone x2  
  62  4:16  Drone x2  
  66  4:19  Overlord  
  66  4:21  Drone x3, Extractor  
  68  4:29  Drone x3  
  68  4:31  Drone x2  
  73  4:32  Overlord x2  
  73  4:44  Roach x2  
  77  4:47  Roach x2  
  77  4:52  Queen x2  
  85  4:55  Nydus Network  
  85  4:56  Roach  
  86  5:02  Roach  
  86  5:03  Roach x2  
  92  5:07  Zergling x6  
  92  5:10  Roach x3, Zergling x4  
  103  5:18  Roach, Zergling x2  
  103  5:20  Queen  
  108  5:23  Overlord x2  
  108  5:24  Roach, Zergling x2  
  108  5:25  Roach, Zergling x2  
  114  5:34  Nydus Canal  
  114  5:41  Roach x2, Zergling x6  
  114  5:42  Roach x2  
  121  5:44  Roach, Zergling x2  
  124  5:52  Ravager  
  124  5:53  Roach, Zergling x4  
  129  6:00  Roach, Zergling x4  
  129  6:01  Roach x2  
  129  6:02  Queen  
  129  6:06  Roach, Zergling x2  
  129  6:11  Roach x2, Zergling x2  
  129  6:15  Zergling x2  
  129  6:16  Roach  
  126  6:24  Roach x2, Zergling x2  
  126  6:31  Roach, Zergling x2  
  124  6:36  Roach, Zergling x2  
  124  6:37  Roach  
  123  6:42  Roach x2, Zergling x2  
  115  6:47  Roach x2, Zergling x2  
  115  6:51  Hatchery  
  107  6:57  Extractor  
  107  6:58  Drone x3, Hydralisk Den  
  107  7:00  Drone, Extractor  
  108  7:08  Overlord  
  108  7:09  Zergling x4  
  108  7:13  Ravager  
  108  7:14  Ravager x2  
  108  7:15  Zergling x18  
  122  7:23  Drone  
  122  7:28  Roach  
  122  7:29  Zergling x2  
  126  7:31  Muscular Augments  
  126  7:32  Ravager x2  
  126  7:33  Roach  
  135  7:37  Roach x2, Zergling x2  
  135  7:38  Roach  
  137  7:44  Zergling x2  
  137  7:45  Glial Reconstitution  
  136  7:54  Overlord x3  
  136  7:59  Drone  
  136  8:00  Drone, Overlord x2  
  138  8:07  Drone  
  138  8:08  Drone x5  
  144  8:13  Overlord  
  144  8:14  Overlord x2  
  144  8:17  Hydralisk x3  
  144  8:19  Extractor  
  149  8:21  Evolution Chamber x2  
  149  8:23  Extractor  
  146  8:29  Nydus Canal  
  146  8:33  Hydralisk x10  
  166  8:40  Hydralisk x2  
  170  8:52  Hatchery, Hydralisk  
  170  8:53  Hydralisk x3  
  174  9:00  Hydralisk  
  168  9:03  Hydralisk x3  
  168  9:05  Hydralisk x2  
  168  9:06  Zergling x4  
  177  9:13  Overseer  
  177  9:18  Nydus Canal  
  176  9:28  Roach x2, Zergling x4  
  176  9:31  Roach x4, Zergling x6  
  188  9:35  Lurker Den  
  178  9:54  Hydralisk x2  
  178  9:56  Overseer x2  
  167  10:11  Hydralisk x2  
  167  10:13  Hydralisk x3  
  167  10:14  Hydralisk  
  152  10:20  Hydralisk x8  
  152  10:21  Hydralisk  
  149  10:27  Hydralisk x3  
  155  10:35  Drone x2  
  157  10:46  Roach, Zergling x2  
  157  10:47  Roach, Zergling x2  
  161  10:52  Roach x2, Zergling x2  
  161  10:57  Roach x3, Zergling x4  
  170  11:03  Lurker x5  
  178  11:06  Drone x3  
  181  11:11  Drone  
  181  11:12  Drone  
  181  11:13  Drone x3  
  185  11:21  Pneumatized Carapace  
  182  11:30  Overseer  
  178  11:40  Nydus Canal  
  178  11:46  Drone x6  
  184  11:54  Nydus Canal  
  184  12:03  Drone  
  184  12:04  Drone x2, Queen  
  187  12:15  Roach x2, Zergling x4  
  180  12:16  Roach x3, Zergling x4  
  187  12:23  Roach x5  

Tags
 
Add a new tag
Caveats
  • Supply blocks, unpowered buildings, or Contaminate may cause inaccurate times.
  • Supply counts are checked every 10 seconds.